 Dungeon Crawl Stone Soup version 0.20.0-10-g0535bb4 (webtiles) character file.

194 grindst0ne the Sneak (level 5, -3/34 HPs)
             Began as an Octopode Assassin on June 3, 2017.
             Shot with an arrow by a centaur (10 damage)
             ... on level 3 of the Dungeon.
             The game lasted 00:04:58 (2677 turns).

grindst0ne the Sneak (Octopode Assassin)            Turns: 2677, Time: 00:04:59

Health: -3/34      AC:  1    Str: 11    XL:     5   Next: 73%
Magic:  5/5        EV: 15    Int: 13    God:
Gold:   123        SH:  0    Dex: 14    Spells: 4/4 levels left

rFire    . . .     SeeInvis .   A - +1 dagger (flame)
rCold    . . .     Gourm    .   (no shield)
rNeg     . . .     Faith    .   (helmet restricted)
rPois    .         Spirit   .   (no amulet)
rElec    .         Reflect  .   (no ring)
rCorr    .         Harm     .   (no ring)
MR       .....                  (no ring)
Stlth    +++++.....             (no ring)
Regen    0.2/turn               (no ring)
MPRegen  0.1/turn               (no ring)
                                (no ring)
                                (no ring)

@: no status effects
A: almost no armour, stealthy swim, amphibious, 8 rings, constrict 8, camouflage
1, gelatinous body 1
a: no special abilities


You were on level 3 of the Dungeon.
You were hungry.

You visited 1 branch of the dungeon, and saw 3 of its levels.

You collected 123 gold pieces.

Inventory:

Hand Weapons
 a - a +2 dagger
 b - a +0 blowgun
 q - a +1 short sword of draining
 A - a +1 dagger of flaming (weapon)
Missiles
 c - 15 poisoned needles
 d - 2 curare-tipped needles
 y - 2 throwing nets (quivered)
Armour
 u - a +0 shield
Jewellery
 r - an uncursed ring of magical power {unknown}
Wands
 t - a wand of flame (24/48)
Scrolls
 h - a scroll of fear {unknown}
 i - 2 scrolls of identify {unknown}
 j - 3 scrolls of teleportation {unknown}
 k - a scroll of enchant armour {unknown}
 n - a scroll of noise {unknown}
 p - a scroll of fog {unknown}
 s - 4 scrolls of remove curse {unknown}
 v - a scroll of random uselessness {unknown}
 x - a scroll of recharging {unknown}
Potions
 e - 2 potions of curing
 g - a potion of resistance {unknown}
 l - a potion of mutation {unknown}
 o - 2 potions of haste {unknown}
 z - 2 potions of berserk rage {unknown}
Comestibles
 f - a bread ration
 m - 3 royal jellies
 w - 3 meat rations
 B - a chunk of flesh


   Skills:
 - Level 2.0 Fighting
 - Level 2.0 Short Blades
 - Level 2.0 Throwing
 + Level 3.9 Dodging
 + Level 7.6 Stealth


You had 4 spell levels left.
You didn't know any spells.

Dungeon Overview and Level Annotations

Branches:
Dungeon (3/15)

Altars:


Innate Abilities, Weirdness & Mutations

You cannot wear most types of armour.
You are very stealthy in the water. (Stealth+)
You are amphibious.
You can wear up to eight rings at the same time.
You can use your tentacles to constrict eight enemies at once.
Your skin changes colour to match your surroundings (Stealth+).
Your rubbery body absorbs attacks. (AC +1, EV +1)


Message History

You butcher the frilled lizard corpse.
B - a chunk of flesh
Found 3 scrolls labeled YGHEHA BOUMOTH.
w - 3 meat rations (gained 1)
s - 4 scrolls labeled YGHEHA BOUMOTH (gained 3)
The dart slug is too close now for your liking.
The helpless dart slug fails to defend itself.
You impale the dart slug!! You burn the dart slug.
You kill the dart slug!
You are feeling hungry.
The centaur shouts!
The centaur wields a shortbow.
The centaur shoots an arrow.
The arrow closely misses you.
The centaur shoots an arrow.
The arrow hits you!
The centaur shoots an arrow.
The arrow hits you!
You see here 2 arrows.
The centaur shoots an arrow.
The arrow hits you!
* * * LOW HITPOINT WARNING * * *
The centaur shoots an arrow.
The arrow hits you!
You die...

## ###. ...#
#...
######.########
.......c..@...#
######...(..#.#
##...###.#.##
#.....##.#..##
#............#
#...<....#..##
#....#####..#
######)##.#
#..#
#....>....#
#..#


You could see a centaur.

Vanquished Creatures
  Natasha (thrice) (D:2)
  Robin (D:1)
  3 adders
  An ooze (D:2)
  A worm (D:2)
  3 dart slugs
  A ball python (D:2)
  6 bats
  4 giant cockroaches
  17 goblins
  8 hobgoblins
  2 jackals (D:1)
  6 kobolds
  4 frilled lizards
  6 rats
66 creatures vanquished.

Notes
Turn   | Place    | Note
-------+----------+-------------------------------------------
     0 | D:1      | grindst0ne the Octopode Assassin began the quest for the Orb.
     0 | D:1      | Reached XP level 1. HP: 14/14 MP: 1/1
   100 | D:1      | Reached XP level 2. HP: 17/19 MP: 2/2
   338 | D:1      | Reached skill level 6 in Stealth
   426 | D:1      | Reached XP level 3. HP: 24/24 MP: 3/3
   828 | D:2      | Noticed Robin
  1309 | D:1      | Killed Robin
  1352 | D:2      | Reached XP level 4. HP: 20/29 MP: 4/4
  1413 | D:2      | Noticed Natasha
  1463 | D:2      | Killed Natasha
  1511 | D:2      | Noticed Natasha
  1575 | D:2      | Killed Natasha
  1575 | D:2      | Reached skill level 7 in Stealth
  1575 | D:2      | Reached XP level 5. HP: 14/34 MP: 5/5
  1698 | D:2      | Noticed Natasha
  2036 | D:2      | Killed Natasha
  2630 | D:3      | Noticed a centaur
  2677 | D:3      | Shot with an arrow by a centaur

Skill      XL: |  1  2  3  4 |
---------------+-------------+-----
Stealth        | 6 7 |  7.6
Dodging        | 2 3 |  3.9
Fighting       | |  2.0
Short Blades   | |  2.0
Throwing       | |  2.0

Action                   |  1- 3 |  4- 6 || total
-------------------------+-------+-------++-------
Melee: Dagger            |    64 |    26 ||    90
       Constrict         |    15 |    13 ||    28
       Tentacles         |    10 |    12 ||    22
       Short sword       |       |    32 ||    32
 Stab: Sleeping          |     6 |     9 ||    15
  Eat: Chunk             |     1 |     4 ||     5
Armor: Skin              |     7 |     1 ||     8
Dodge: Dodged            |    47 |    21 ||    68
